 Dungeon Crawl Stone Soup version 0.32-a0-42-ga30500b4d3 (webtiles) character file.

Game seed: 15568621575628523258

675499 Newt the Conqueror (level 27, -30/149 (199) HPs)
             Began as a Gargoyle Fighter on Feb 2, 2024.
             Was an Initiate of Gozag.
             Killed from afar by a Brimstone Fiend (35 damage)
             ... with damnation
             ... on level 7 of Gehenna.
             The game lasted 02:30:38 (82621 turns).

Newt the Conqueror (Gargoyle Fighter)              Turns: 82621, Time: 02:30:39

HP:   -30/149 (199) AC: 68    Str: 23 (31) XL:     27
MP:   0/39          EV:  6    Int: 17 (18) God:    Gozag
Gold: 7697          SH: 25    Dex:  7 (13) Spells: 36/50 levels left

rFire   + + +        g - +9 broad axe (vamp)
rCold   . . .        q - +5 Storm Queen's Shield {shock, Fly rElec}
rNeg    + . .        x - +10 crystal plate armour of Elitism {rPois Dex+3 Stlth-}
rPois   ∞            O - +2 hat of the Bear Spirit {Spirit, Bear, *Rage Will++}
rElec   +            E - scarf {rC+ rF+}
rCorr   +            D - +2 pair of gloves {Dex+3}
SInv    +            R - +2 pair of boots {rampage}
Will    ++++.        P - amulet of reflection Stlth
                     S - ring of Amorality {rElec rF+ rC- rCorr Int+6}
HPRegen 0.44/turn    Q - ring of protection from fire
MPRegen 0.26/turn

%: random rage (20%), reflection, guardian spirit, rampage
@: on fire, on berserk cooldown, flying, hasted and slowed, glowing, studying
Throwing, very heavily drained, unable to read, unable to drink
A: sickness immunity, AC +20, big wings, negative energy resistance 1,
electricity resistance, torment resistance 1, petrification resistance, claws 1,
horns 1, iridescent scales 1, see invisible, clumsy 1, inability to drink after
injury 1, MP-powered wands
}: 5/15 runes: serpentine, barnacled, slimy, silver, golden
a: Renounce Religion, Potion Petition, Call Merchant, Bribe Branch


You were on level 7 of Gehenna.
You worshipped Gozag.
Gozag was greatly pleased with you.
You visited 13 branches of the dungeon, and saw 58 of its levels.
You also visited: Trove, Ossuary, Gauntlet, Ice Cave and Wizlab.

You collected 35264 gold pieces.
You spent 10188 gold pieces at shops.
You paid 17379 gold pieces to Gozag.

Inventory:

Hand Weapons
 b - the +9 flail of Might {elec, Fly Int+2}
   (You found it on level 5 of the Vaults)

   Int+2:     It affects your intelligence (+2).
   Fly:       It grants you flight.
 g - a +9 vampiric broad axe (weapon)
 p - a +9 spectral war axe
Missiles
 X - 2 throwing nets
Armour
 q - the +5 Storm Queen's Shield (worn) {shock, Fly rElec}
   (You found it in a treasure trove)

   Shock:     When it blocks an attack, it may electrocute the attacker.
   This works even against foes who are a short distance away.
   rElec:     It insulates you from electricity.
   Fly:       It grants you flight.
 x - the +10 crystal plate armour of Elitism (worn) {rPois Dex+3 Stlth-}
   (You bought it in a shop on level 1 of the Vaults)

   Dex+3:     It affects your dexterity (+3).
   rPois:     It protects you from poison Stlth-: It makes you less stealthy.
 D - a +2 pair of gloves of dexterity (worn)
 E - a scarf of resistance (worn)
 F - a +5 kite shield of cold resistance
 O - the +2 hat of the Bear Spirit (worn) {Spirit, Bear, *Rage Will++}
   (You acquired it in a wizard's laboratory)

   Bear:      Going berserk makes the wearer exceptionally tough, and they are
   slowed for a shorter time afterward.
   Will++:    It greatly increases your willpower.
   *Rage:     It berserks you when you make melee attacks (+20% chance).
 R - a +2 pair of boots of rampaging (worn)
Jewellery
 c - the ring of Kujos {Fly rPois rC+ Str+2 Int-5}
   (You took it off a balrug on level 7 of Gehenna)

   [ring of flight]

   Str+2:     It affects your strength (+2).
   Int-5:     It affects your intelligence (-5).
   rC+:       It protects you from cold.
   rPois:     It protects you from poison Fly: It grants you flight.
 d - the ring of the Pharaoh's Fist {^Drain rN+ Str+4 Dex+6}
   (You bought it in a shop on level 1 of the Crypt)

   [ring of dexterity]

   Str+4:     It affects your strength (+4).
   Dex+6:     It affects your dexterity (+6).
   rN+:       It protects you from negative energy.
   ^Drain:    It drains your maximum health when unequipped.
 h - the ring "Weyleotao" {rPois Int+6 Slay+6}
   (You bought it in a shop on level 1 of the Crypt)

   [ring of intelligence]

   Int+6:     It affects your intelligence (+6).
   Slay+6:    It affects your accuracy & damage with ranged weapons and melee
   (+6).
   rPois:     It protects you from poison
 P - an amulet of reflection (around neck)
 Q - a ring of protection from fire (right hand)
 S - the ring of Amorality (left hand) {rElec rF+ rC- rCorr Int+6}
   (You bought it in a shop on level 10 of the Dungeon)

   [ring of intelligence]

   Int+6:     It affects your intelligence (+6).
   rF+:       It protects you from fire.
   rC-:       It makes you vulnerable to cold.
   rElec:     It insulates you from electricity.
   rCorr:     It protects you from acid and corrosion.
 T - a ring of positive energy
Wands
 s - a wand of paralysis (108)
 y - a wand of flame (184)
 B - a wand of roots (55)
 C - a wand of acid (34)
 N - a wand of mindburst (19)
 U - a wand of polymorph (19)
 Y - a wand of digging (41)
Scrolls
 a - 10 scrolls of revelation
 f - 2 scrolls of blinking
 l - 2 scrolls of enchant armour
 n - 8 scrolls of poison
 t - 16 scrolls of fear
 u - 23 scrolls of teleportation
 z - 10 scrolls of fog
 G - 2 scrolls of silence
 V - 4 scrolls of enchant weapon
Potions
 e - 5 potions of invisibility
 i - 2 potions of resistance
 j - 19 potions of curing
 k - 7 potions of ambrosia
 r - 4 potions of cancellation
 v - 10 potions of attraction
 I - 11 potions of enlightenment
 L - 3 potions of berserk rage
 M - a potion of heal wounds
 W - 7 potions of brilliance
Miscellaneous
 m - a figurine of a ziggurat
 o - the horn of Geryon
 A - a condenser vane (inert)
 H - a phantom mirror (inert)
 J - a box of beasts
 K - a phial of floods (inert)
 Z - a lightning rod (3/4)


   Skills:
 O Level 27 Fighting
 * Level 21.4(21.6) Axes
 - Level 5.1(16.1) Maces & Flails
 - Level 8.9 Throwing
 - Level 19.4 Armour
 - Level 22.7 Shields
 - Level 12.4 Spellcasting
 - Level 17.2 Earth Magic
 - Level 12.4 Alchemy
 - Level 15.5 Evocations


You had 36 spell levels left.
You knew the following spells:

 Your Spells              Type           Power      Damage    Failure   Level
a - Leda's Liquefaction   Alch/Erth      28%        N/A       3%          4
b - Petrify               Alch/Erth      57%        N/A       3%          4
c - Lee's Rapid Deconstr  Erth           31%        3d16*     3%          5
d - Apportation           Tloc           20%        N/A       83%         1

Your spell library contained the following spells:

 Spells                   Type           Power      Damage    Failure   Level
 Olgreb's Toxic Radiance  Alch           52%        N/A       9%          4
 Sting                    Conj/Alch      100%       1d9       12%         1
 Stone Arrow              Conj/Erth      78%        3d11      13%         3
 Mercury Vapours          Alch/Air       62%        N/A       17%         2
 Alistair's Intoxication  Alch           34%        N/A       26%         5
 Animate Armour           Summ/Erth      78%        N/A       41%         4
 Brom's Barrelling Bould  Conj/Erth      39%        2d6       41%         4
 Mephitic Cloud           Conj/Alch/Air  24%        N/A       63%         3
 Fulminant Prism          Conj/Alch      15%        3d11      75%         4
 Borgnjor's Vile Clutch   Necr/Erth      19%        N/A       77%         5
 Freeze                   Ice            40%        1d6       83%         1
 Kiss of Death            Conj/Necr      40%        2d8       83%         1
 Necrotise                Necr           40%        1d6       83%         1
 Shock                    Conj/Air       40%        1d5       83%         1
 Slow                     Hex            40%        N/A       83%         1
 Summon Small Mammal      Summ           40%        N/A       83%         1
 Blink                    Tloc           20%        N/A       92%         2
 Call Imp                 Summ           20%        N/A       92%         2
 Jinxbite                 Hex            20%        N/A       92%         2
 Lesser Beckoning         Tloc           20%        N/A       92%         2
 Momentum Strike          Conj/Tloc      20%        3d8       92%         2
 Scorch                   Fire           20%        2d5       92%         2
 Irradiate                Conj/Alch      15%        3d16      97%         5
 Yara's Violent Unravell  Hex/Alch       15%        3d8       97%         5
 Call Canine Familiar     Summ           10%        N/A       99%         3
 Confusing Touch          Hex            10%        N/A       99%         3
 Dazzling Flash           Conj/Hex       20%        N/A       99%         3
 Frozen Ramparts          Ice            20%        1d4       99%         3
 Gell's Gravitas          Tloc           10%        N/A       99%         3
 Hailstorm                Conj/Ice       10%        3d6       99%         3
 Ozocubu's Armour         Ice            10%        N/A       99%         3
 Sigil of Binding         Hex            10%        N/A       99%         3
 Summon Ice Beast         Ice/Summ       10%        N/A       99%         3
 Swiftness                Air            10%        N/A       99%         3
 Teleport Other           Tloc           10%        N/A       99%         3
 Tukima's Dance           Hex            10%        N/A       99%         3
 Vampiric Draining        Necr           10%        2d6       99%         3
 Volatile Blastmotes      Fire/Tloc      20%        2d11      99%         3
 Airstrike                Air            5%         2d(1-17)  100%        4
 Anguish                  Hex/Necr       5%         N/A       100%        4
 Cause Fear               Hex            5%         N/A       100%        4
 Dispel Undead            Necr           10%        3d9       100%        4
 Flame Wave               Conj/Fire      10%        2d6       100%        4
 Iskenderun's Mystic Bla  Conj/Tloc      10%        2d4       100%        4
 Martyr's Knell           Necr/Summ      10%        N/A       100%        4
 Summon Blazeheart Golem  Fire/Summ      10%        N/A       100%        4
 Summon Lightning Spire   Summ/Air       10%        N/A       100%        4
 Vhi's Electric Charge    Tloc/Air       20%        N/A       100%        4
 Arcjolt                  Conj/Air       5%         1d15      100%        5
 Curse of Agony           Necr           10%        N/A       100%        5
 Fireball                 Conj/Fire      5%         3d5       100%        5
 Freezing Cloud           Conj/Ice/Air   5%         6-21      100%        5
 Iskenderun's Battlesphe  Conj           10%        2d6       100%        5
 Metabolic Englaciation   Hex/Ice        5%         N/A       100%        5
 Silence                  Hex/Air        5%         N/A       100%        5
 Summon Forest            Summ/Tloc      5%         N/A       100%        5
 Summon Mana Viper        Hex/Summ       10%        N/A       100%        5
 Bombard                  Conj/Erth      19%        9d4       100%        6
 Conjure Ball Lightning   Conj/Air       5%         3x3d6     100%        6
 Death Channel            Necr           5%         N/A       100%        6
 Dispersal                Tloc           5%         N/A       100%        6
 Plasma Beam              Fire/Air       5%         2x1d15    100%        6
 Starburst                Conj/Fire      5%         6d4       100%        6
 Summon Cactus Giant      Summ           5%         N/A       100%        6
 Enfeeble                 Hex            5%         N/A       100%        7
 Haunt                    Necr/Summ      5%         N/A       100%        7
 Monstrous Menagerie      Summ           5%         N/A       100%        7
 Orb of Destruction       Conj           5%         9d5       100%        7
 Ozocubu's Refrigeration  Ice            5%         4d8       100%        7
 Spellforged Servitor     Conj/Summ      5%         N/A       100%        7
 Summon Hydra             Summ           5%         N/A       100%        7
 Borgnjor's Revivificati  Necr           5%         N/A       100%        8
 Discord                  Hex            5%         N/A       100%        8
 Infestation              Necr           5%         N/A       100%        8
 Lehudib's Crystal Spear  Conj/Erth      19%        10d6      100%        8
 Maxwell's Capacitive Co  Air            5%         ∞         100%        8
 Polar Vortex             Ice            5%         N/A       100%        9
 Cigotuvi's Dreadful Rot  Necr/Alch/Air  Unusable   N/A       N/A         2
 Sublimation of Blood     Necr           Unusable   N/A       N/A         2
 Animate Dead             Necr           Unusable   N/A       N/A         4

Dungeon Overview and Level Annotations

Branches:
Dungeon (15/15)            Temple (0/1) D:4            Lair (5/5) D:8
 Shoals (4/4) Lair:3        Snake (4/4) Lair:2        Slime (5/5) Lair:5
    Orc (2/2) D:11            Elf (3/3) Orc:2        Vaults (5/5) D:13
  Crypt (3/3) Vaults:2       Tomb (3/3) Crypt:3      Depths (1/4) D:15
   Hell (visited)             Dis (0/7) Hell            Geh (7/7) Hell
    Coc (0/7) Hell            Tar (0/7) Hell        Ossuary (visited)
  IceCv (visited)          WizLab (visited)         Gauntlet (visited)

Altars:
Ashenzari
Dithmenos
Elyvilon
Fedhas
Gozag
Makhleb
Sif Muna
Trog
Vehumet
Wu Jian
Yredelemnul
Zin
Jiyva
Lugonu

Shops:
D:2 [   D:5 (   D:10 *   D:14 :   D:15 [   Orc:2 *(:?*   Elf:1 (   Shoals:1 ***
Shoals:3 *   Snake:4 *   Vaults:1 [   Vaults:2 ?   Vaults:5 (   Crypt:1 ==
Depths:1 *

Portals:
Hell: Depths:1
Abyss: Lair:5 Depths:1
Pandemonium: Orc:2 Depths:1

Annotations:
D:14 Ucadoall's ghost, journeyman BaHu
Vaults:5 Xtahua
Crypt:1 1 transporter
Geh:7 Asmodeus


Innate Abilities, Weirdness & Mutations

You are immune to sickness and miasma.
Your stone body is resilient. (AC +20)
You are immune to poison.
Your large and strong wings let you fly.
You resist negative energy. (rN+)
You are resistant to electric shocks. (rElec)
You are resistant to unholy torment.
You are immune to petrification.
You have sharp fingernails.
You have a pair of small horns on your head.
You are partially covered in iridescent scales. (AC +2)
You have supernaturally acute eyesight. (SInv)
You are clumsy. (Dex -2)
You occasionally lose the ability to drink potions when taking damage.
You expend magic power (3 MP) to strengthen your wands.


Message History

Your shield discharges, shocking Asmodeus!
Asmodeus resists.
Unknown command.
Unknown command.
You cannot drink potions in your current state!
You hit Asmodeus but do no damage.
Asmodeus is severely wounded.
You slash the balrug!
You are engulfed in blazing flames.
You resist.
* * * LOW HITPOINT WARNING * * *
The liquid fire burns you!
* * * LOW HITPOINT WARNING * * *
The balrug barely misses you.
Asmodeus hits you with the +13 sceptre of Asmodeus!
* * * LOW HITPOINT WARNING * * *
Unknown command.
Unknown command.
You cannot drink potions in your current state!
You slice Asmodeus!!
You headbutt Asmodeus, but do no damage.
Asmodeus is almost dead.
You hit the balrug.
You are engulfed in blazing flames.
You resist. The liquid fire burns you!
* * * LOW HITPOINT WARNING * * *
You block the balrug's attack.
A Brimstone Fiend comes into view.
Unknown command.
You cannot drink potions in your current state!
You hit Asmodeus. You headbutt Asmodeus.
Asmodeus is almost dead.
You barely miss the balrug. The liquid fire burns you!
Asmodeus hits you but does no damage. The balrug gestures at you.
The bolt of fire hits you but does no damage.
The bolt of fire hits Asmodeus.
Asmodeus completely resists.
The Brimstone Fiend gestures at you.
The sphere of damnation explodes!
The damnation engulfs Asmodeus.
Asmodeus completely resists.
The damnation engulfs you!!!
You die...
Your body crumbles into a pile of gold.

#....#...##....#≈§≈≈≈≈≈≈≈≈≈≈
##'#######.$..###########≈§§
####'#######..### #≈§§
####....).....#..# #≈≈≈
...'.....####.#..# #≈≈≈
.###.....#.)'.#$.# #≈≈≈
###.....#))'.#§§# #≈≈≈
#.'.....####.#.2# #≈§§
#.'..........#○@# #≈≈§
#.############○&# #§§§
#.#..........#○§# #§≈§
#.'.().......#§.# ######§≈≈
##.'..........#§§1 #≈≈≈≈§§≈≈
≈###....=.....#..# #§§§≈≈≈§§ ≈#
#..........#### #≈§§≈§§§§ §#
#..........###########§≈≈≈≈§≈§
§############)##≈≈§≈≈≈§§§§≈≈§≈≈≈≈


You could see Asmodeus (wandering, clouds), a Brimstone Fiend and a balrug
(summoned).

Vanquished Creatures
  the Royal Jelly (Slime:5)
  Dissolution (Slime:2)
  An ancient lich (Vaults:5)
  Frederick (Vaults:3)
  4 dread liches (Vaults:5)
  27 royal mummies
  Margery (Vaults:3)
  Geryon (Hell)
  Nikola (Shoals:4)
  A profane servitor (Crypt:3)
  A bone dragon (Crypt:3)
  11 Brimstone Fiends
  21 hellephants
  A Cloud Mage (WizLab)
  5 liches
  5 tentacled monstrosities
  3 deep elf blademasters
  2 quicksilver dragons (Vaults:5)
  5 sphinxes
  21 searing wretches
  A kraken (Shoals:1)
  4 titans (Vaults:5)
  4 deep elf master archers (Elf:3)
  Murray (Hell)
  Polyphemus (Shoals:2)
  15 acid blobs
  7 ancient champions
  The ghost of Usob the Warrior, a journeyman OnGl of Uskayaw (Shoals:3)
  Agnes (Snake:4)
  2 revenants
  5 shadow dragons
  2 storm dragons
  A tengu reaver (Vaults:1)
  5 nagarajas
  20 balrugs
  3 iron dragons
  14 vault wardens
  20 fire giants
  5 rockslimes
  The ghost of Zays the Fighter, an adept GrEE of Okawaru (Shoals:2)
  10 frost giants
  11 azure jellies
  4 curse skulls
  5 deep elf elementalists (Elf:3)
  6 deep elf sorcerers (Elf:3)
  4 orc warlords
  5 reapers
  A juggernaut zombie (Crypt:3)
  9 quicksilver oozes
  A cacodemon (Hell)
  5 ghouls (Crypt:3)
  12 stone giants
  6 formless jellyfish
  12 ironbound preservers
  9 ironbound thunderhulks
  4 vampire knights
  3 deep elf demonologists
  7 very ugly things
  A lorocyproca (Tomb:2)
  15 bennus
  7 deep elf death magi
  A rockslime zombie (Crypt:1)
  A minotaur (Gauntlet)
  11 deep elf annihilators
  10 spark wasps
  A white draconian (IceCv)
  A red draconian (Vaults:4)
  4 war gargoyles
  11 eidola
  5 ettins
  3 merfolk javelineers
  3 blizzard demons
  An acid blob zombie (Crypt:2)
  8 merfolk impalers
  2 iron golems (Hell)
  A crystal guardian (Vaults:4)
  Snorg (Lair:2)
  A quicksilver dragon zombie (D:15)
  12 jiangshi
  14 yaktaur captains
  23 mummy priests
  3 spriggan zombies
  11 great orbs of eyes
  5 deep elf high priests
  An entropy weaver (Vaults:3)
  2 hydras
  43 vault guards
  3 alligators (Shoals:4)
  A catoblepas (Shoals:2)
  A rakshasa (Depths:1)
  3 ghost crabs (WizLab)
  8 salamander tyrants
  2 demonspawn (Orc:2)
  2 spriggan air magi (WizLab)
  4 merfolk avatars
  10 ice dragons
  An ogre mage (Vaults:5)
  3 hell beasts
  3 peacekeepers
  21 ironbound frosthearts
  9 centaur warriors
  5 merfolk aquamancers
  3 alligator snapping turtles (Shoals:4)
  6 boulder beetles
  11 anacondas
  33 dancing weapons
  2 two-headed ogres (shapeshifter)
  6 two-headed ogres
  An azure jelly zombie (Crypt:2)
  11 stokers
  A deep troll shaman (Vaults:5)
  14 death yaks
  4 tengu warriors
  54 death scarabs
  A sphinx skeleton (D:15)
  19 naga warriors
  28 hell hogs
  4 death knights
  6 vampire magi
  4 orc high priests (Orc:2)
  11 shock serpents
  3 deep troll earth magi
  17 naga sharpshooters
  2 thrashing horrors (Lair:5)
  3 spriggan berserkers (Depths:1)
  2 soul eaters
  A demonic crawler (Hell)
  16 hell knights
  2 titan zombies (Crypt:3)
  4 sun demons (Hell)
  21 deep elf knights
  5 skysharks
  3 iron trolls (Depths:1)
  12 salamander mystics
  2 sixfirhies (Hell)
  A shadow wraith (Vaults:4)
  A bunyip zombie (Crypt:3)
  4 sea snakes
  2 death drakes (WizLab)
  43 skeletal warriors
  A death drake (shapeshifter) (Vaults:5)
  A skyshark (shapeshifter) (Vaults:5)
  An iron giant zombie (Crypt:3)
  13 mana vipers
  An obsidian statue (Shoals:3)
  71 slime creatures
  An anaconda zombie (Hell)
  A glowing orange brain (shapeshifter) (Vaults:5)
  5 flayed ghosts
  9 arcanists
  2 anaconda skeletons (Hell)
  A lindwurm (shapeshifter) (Vaults:5)
  An orange crystal statue (IceCv)
  8 deep elf archers
  43 deep trolls
  9 lindwurms
  7 naga ritualists
  A fire giant zombie (Crypt:1)
  14 orc knights
  3 large abominations (Lair:5)
  A harpy (shapeshifter) (D:13)
  27 deep elf pyromancers
  27 deep elf zephyrmancers
  22 ironbound convokers
  8 necromancers
  26 phantasmal warriors
  15 harpies
  A stone giant zombie (Crypt:3)
  An alligator zombie (Hell)
  A wolf spider (Crypt:3)
  14 fauns
  12 orc sorcerers
  22 salamanders
  16 manticores
  3 shining eyes
  54 ugly things
  An eleionoma skeleton (Crypt:2)
  A tengu skeleton (Vaults:1)
  6 cyclopes
  A dire elephant zombie (Hell)
  A moth of wrath (shapeshifter) (Vaults:5)
  3 meliai (D:15)
  A shock serpent zombie (Crypt:2)
  A meliai (shapeshifter) (Lair:5)
  An elephant (shapeshifter) (Vaults:5)
  40 black mambas
  12 vault sentinels
  9 guardian serpents
  4 naga zombies
  A water nymph (shapeshifter) (Vaults:5)
  6 water nymphs
  4 rust devils
  An eye of devastation (Slime:3)
  10 merfolk sirens
  8 apocalypse crabs
  2 centaur zombies (Crypt:3)
  11 naga magi
  10 elephants
  An unseen horror (D:13)
  11 cane toads
  An orange demon (Orc:2)
  5 molten gargoyles (Hell)
  2 gargoyles (D:12)
  A torpor snail (shapeshifter) (Vaults:5)
  An alligator snapping turtle zombie (Hell)
  11 hellions
  6 rime drakes
  11 smoke demons
  7 komodo dragons
  A sea snake zombie (Hell)
  2 efreet (D:15)
  9 freezing wraiths
  A white draconian zombie (Crypt:1)
  28 yaktaurs
  A sea snake skeleton (Hell)
  A kobold demonologist (D:11)
  2 red devils
  A yaktaur skeleton (Vaults:5)
  2 tengu conjurers
  34 merfolk
  12 polar bears
  3 harpy zombies
  5 tormentors
  5 trolls
  A green draconian skeleton (Crypt:2)
  4 hydra zombies (Hell)
  2 hellwings
  50 guardian mummies
  5 hornets
  A merfolk (shapeshifter) (Vaults:4)
  A queen bee (shapeshifter) (D:13)
  A tarantella zombie (Crypt:2)
  The ghost of BeeSCI the Chiller, an amateur DrIE of Xom (D:4)
  26 blink frogs
  9 wind drakes
  A raiju (shapeshifter) (D:13)
  A harpy skeleton (Tomb:1)
  A raiju (Lair:5)
  14 snapping turtles
  A hydra skeleton (Hell)
  4 dream sheep (Shoals:2)
  An ettin zombie (Crypt:3)
  An ettin skeleton (Vaults:1)
  2 glass eyes
  10 air elementals
  2 jumping spiders
  5 spriggans
  9 wraiths
  An ice dragon skeleton (Crypt:1)
  2 shadows (D:11)
  84 yaks
  A vampire (D:11)
  A fire dragon skeleton (Crypt:2)
  25 water elementals
  A dire elephant simulacrum (Hell)
  A fire elemental (Depths:1)
  6 ushabtiu
  7 wargs
  9 basilisks
  6 wyverns
  3 steam dragons
  7 humans (D:10)
  A black mamba skeleton (Crypt:2)
  A neqoxec (Orc:2)
  A warg (shapeshifter) (Elf:3)
  6 redbacks
  A redback (shapeshifter) (Vaults:4)
  13 vampire mosquitoes
  A glowing shapeshifter zombie (Vaults:5)
  3 chaos spawn (Lair:5)
  35 nagas
  7 small abominations (Lair:5)
  20 water moccasins
  6 hell hounds
  32 orc warriors
  2 ice beasts
  3 black bears
  2 ettin simulacra
  A swamp dragon zombie (Crypt:1)
  20 laughing skulls
  12 ogres
  4 wolves (Gauntlet)
  10 centaurs
  A phantom (D:5)
  4 kobold brigands
  Blork the orc (D:5)
  A glowing shapeshifter simulacrum (Vaults:5)
  14 bullfrogs
  2 scorpions
  13 necrophages (Crypt:3)
  4 earth elementals
  2 wights (Ossuary)
  6 wyvern skeletons (Crypt:3)
  A polar bear zombie (Crypt:2)
  3 killer bees (D:8)
  3 electric eels
  8 howler monkeys
  3 bombardier beetles
  3 human zombies
  10 hounds
  11 jellies
  A gnoll bouda (D:8)
  Crazy Yiuf (D:5)
  26 orc priests
  A spectral scorpion (Ossuary)
  2 centaur skeletons
  Ijyb (D:5)
  23 orc wizards
  2 human skeletons
  Terence (D:3)
  4 hell rats (Hell)
  5 mutant beasts (D:8)
  A crocodile zombie (Ossuary)
  2 ogre skeletons
  58 mummies
  9 gnolls
  3 orc zombies
  11 adders
  2 shadow imps
  3 white imps
  3 ufetubi
  A dart slug (D:5)
  70 orcs
  4 bats
  18 endoplasms
  9 giant cockroaches
  14 goblins
  7 hobgoblins
  5 jackals
  30 kobolds
  9 quokkas
  4 ball pythons
  4 frilled lizards
  3 gnoll skeletons (Ossuary)
  7 orc skeletons
  6 rats
  10 spectral rats (Ossuary)
  7 creeping infernos
  29 fire vortices
  A spectral weapon (Snake:1)
  5 tentacles (Shoals:1)
2703 creatures vanquished.

Vanquished Creatures (collateral kills)
  3 royal mummies
  Asterion (Snake:1)
  A sphinx (Tomb:1)
  A rockslime (Slime:5)
  A bennu (Tomb:1)
  A titan skeleton (Tomb:2)
  2 guardian mummies
  A slime creature (Vaults:3)
  2 ushabtiu
  4 mummies (Tomb:1)
17 creatures vanquished.

Vanquished Creatures (others)
  3 royal mummies (Tomb:2)
  2 hellephants
  A lich (Tomb:2)
  4 sphinxes (Tomb:1)
  An ancient champion (Tomb:1)
  A blizzard demon (WizLab)
  4 mummy priests
  A spriggan air mage (WizLab)
  A ghost crab (WizLab)
  A naga warrior (Snake:4)
  4 death scarabs (Tomb:2)
  2 skeletal warriors
  A deep elf pyromancer (Elf:1)
  4 guardian mummies
  2 air elementals (WizLab)
  7 mummies
  A quokka (D:5)
  5 creeping infernos
  5 fire vortices
  144 spectral weapons
  3 tentacles (Shoals:1)
197 creatures vanquished.

Grand Total: 2917 creatures vanquished

Notes
Turn   | Place    | Note
-------+----------+-------------------------------------------
     0 | D:1      | Newt the Gargoyle Fighter began the quest for the Orb.
     0 | D:1      | Reached XP level 1. HP: 14/14 MP: 1/1
    80 | D:1      | Reached XP level 2. HP: 10/19 MP: 2/2
   925 | D:2      | Reached XP level 3. HP: 24/24 MP: 3/3
  1102 | D:2      | Reached skill level 4 in Fighting
  1102 | D:2      | Reached XP level 4. HP: 23/29 MP: 4/4
  1541 | D:2      | Found Niag's Armour Boutique.
  1618 | D:3      | Found a broken altar of Ashenzari.
  1677 | D:3      | Noticed Terence
  1688 | D:3      | Killed Terence
  1689 | D:3      | Reached XP level 5. HP: 18/34 MP: 5/5
  2142 | D:3      | Reached skill level 5 in Maces & Flails
  2142 | D:3      | Reached XP level 6. HP: 38/40 MP: 6/6
  2172 | D:3      | Reached skill level 5 in Fighting
  2270 | D:3      | Found a blossoming altar of Fedhas.
  2563 | D:3      | Found a broken altar of Ashenzari.
  2563 | D:3      | Found an opulent altar of Gozag.
  2563 | D:3      | Found a shadowy altar of Dithmenos.
  2563 | D:3      | Found a glowing silver altar of Zin.
  2563 | D:3      | Found a burning altar of Makhleb.
  2563 | D:3      | Found a broken altar of Ashenzari.
  2801 | D:3      | Became a worshipper of Gozag Ym Sagoz the Greedy
  3126 | D:4      | Reached XP level 7. HP: 36/44 MP: 7/7
  3220 | D:4      | Reached skill level 1 in Axes
  3275 | D:4      | Found a sand-covered staircase.
  3284 | Ossuary  | Entered an ossuary
  3319 | Ossuary  | Reached skill level 6 in Fighting
  3697 | Ossuary  | Reached XP level 8. HP: 45/52 MP: 8/8
  3951 | D:4      | Found a runed translucent door.
  4056 | D:4      | Found a shimmering blue altar of Sif Muna.
  4056 | D:4      | Found a radiant altar of Vehumet.
  4065 | D:4      | Found a staircase to the Ecumenical Temple.
  4495 | D:4      | Noticed BeeSCI's ghost (amateur DrIE)
  4659 | D:5      | Entered Level 5 of the Dungeon
  4659 | D:5      | Found a white marble altar of Elyvilon.
  4686 | D:5      | Reached skill level 7 in Fighting
  4697 | D:5      | Noticed Ijyb
  4703 | D:5      | Killed Ijyb
  4758 | D:5      | Reached skill level 5 in Axes
  4803 | D:5      | Noticed Blork the orc
  4808 | D:5      | Killed Blork the orc
  4915 | D:5      | Found Rint's Weapon Emporium.
  5006 | D:2      | Bought a +0 crystal plate armour for 800 gold pieces
  5108 | D:4      | Killed BeeSCI's ghost
  5109 | D:4      | Reached skill level 8 in Fighting
  5109 | D:4      | Reached XP level 9. HP: 21/59 MP: 9/9
  5750 | D:5      | Found a runed translucent door.
  5751 | D:5      | Noticed Crazy Yiuf
  5890 | D:5      | Killed Crazy Yiuf
  6148 | D:6      | Identified a scroll of acquirement
  6149 | D:6      | Acquired a manual of Shields
  6699 | D:7      | Reached skill level 9 in Fighting
  6699 | D:7      | Reached skill level 5 in Shields
  7080 | D:7      | Reached XP level 10. HP: 62/66 MP: 10/10
  7242 | D:7      | Found a bloodstained altar of Trog.
  7384 | D:8      | Noticed a two-headed ogre
  7390 | D:8      | Killed a two-headed ogre
  7391 | D:8      | Reached skill level 10 in Fighting
  7393 | D:8      | Reached skill level 10 in Shields
  7556 | D:8      | Found a staircase to the Lair.
  7875 | D:8      | Noticed a juvenile oxsting beast
  7882 | D:8      | Killed a juvenile oxsting beast
  8177 | D:9      | Noticed a centaur warrior
  8185 | D:9      | Killed a centaur warrior
  8298 | D:9      | Reached skill level 11 in Fighting
  8298 | D:9      | Reached XP level 11. HP: 74/74 MP: 11/11
  8331 | D:9      | Reached skill level 5 in Armour
  8523 | D:9      | Noticed a two-headed ogre
  8526 | D:9      | Killed a two-headed ogre
  8557 | D:9      | Identified the +5 falchion "Roxic" {spect, rC+ MP+9}
  8822 | D:9      | Found a shadowy altar of Dithmenos.
  9063 | D:10     | Entered Level 10 of the Dungeon
  9147 | D:10     | Reached skill level 12 in Fighting
  9326 | D:10     | Noticed a boulder beetle
  9334 | D:10     | Killed a boulder beetle
  9580 | D:11     | Reached XP level 12. HP: 82/82 MP: 12/12
  9705 | D:11     | Noticed a two-headed ogre
  9705 | D:11     | Noticed a two-headed ogre
  9839 | D:11     | Killed a two-headed ogre
  9840 | D:11     | Reached skill level 10 in Armour
  9840 | D:11     | Killed a two-headed ogre
 10124 | D:11     | Reached skill level 13 in Fighting
 10331 | D:11     | Found a staircase to the Orcish Mines.
 10742 | D:10     | Found an ornate altar of the Wu Jian Council.
 10878 | D:10     | Bought the ring of Amorality {rElec rF+ rC- rCorr Int+6}
                  | for 834 gold pieces
 11244 | D:12     | Noticed a boulder beetle
 11261 | D:12     | Killed a boulder beetle
 11397 | D:12     | Reached skill level 10 in Axes
 11649 | D:13     | Noticed a two-headed ogre
 11658 | D:13     | Killed a two-headed ogre
 11659 | D:13     | Reached skill level 14 in Fighting
 11659 | D:13     | Reached XP level 13. HP: 85/90 MP: 13/13
 11866 | D:13     | Found a gate to the Vaults.
 11866 | D:13     | Noticed a vault guard
 11866 | D:13     | Noticed a vault guard
 11866 | D:13     | Noticed a vault guard
 11866 | D:13     | Noticed a vault guard
 11882 | D:13     | Killed a vault guard
 11882 | D:13     | Killed a vault guard
 11891 | D:13     | Killed a vault guard
 11902 | D:13     | Killed a vault guard
 12088 | D:13     | Gained mutation: Your magical capacity is low. (-10% MP)
                  | [potion of mutation]
 12088 | D:13     | Gained mutation: You have hidden genetic potential. [potion
                  | of mutation]
 12088 | D:13     | Gained mutation: Your spells are a little harder to cast,
                  | but a little more powerful. [potion of mutation]
 12389 | D:14     | Identified the +3 war axe of the Turnip {elec, rC++ SInv}
 12433 | D:14     | Found a runed translucent door.
 12434 | D:14     | Noticed Ucadoall's ghost (journeyman BaHu)
 12434 | D:14     | Identified the +0 trident of the Loving Eel {flame, rElec
                  | MP-9 Int-5 Dex+9}
 12654 | D:14     | Reached skill level 15 in Fighting
 12744 | D:14     | Found Terrohuw's Book Boutique.
 12776 | D:14     | Found a gate leading to a gauntlet.
 12788 | D:14     | Gained mutation: Your large and strong wings let you fly.
                  | [Gargoyle growth]
 12788 | D:14     | Reached XP level 14. HP: 75/98 MP: 12/12
 12795 | Gauntlet | Entered a Gauntlet
 12795 | Gauntlet | Found a transporter.
 12860 | Gauntlet | Found a transporter.
 12863 | Gauntlet | Found a transporter.
 12864 | Gauntlet | Found a transporter.
 12870 | Gauntlet | Found a runed translucent gate.
 12870 | Gauntlet | Found a runed translucent gate.
 12870 | Gauntlet | Found a runed translucent gate.
 12872 | Gauntlet | Found a transporter.
 12875 | Gauntlet | Found a transporter.
 12876 | Gauntlet | Found a transporter.
 12888 | Gauntlet | Found a transporter.
 12889 | Gauntlet | Found a transporter.
 12893 | Gauntlet | Found a transporter.
 12900 | Gauntlet | Found a transporter.
 12900 | Gauntlet | Found a transporter.
 12901 | Gauntlet | Found a transporter.
 12909 | Gauntlet | Found a transporter.
 13150 | Gauntlet | Reached skill level 1 in Evocations
 13180 | Gauntlet | Found the +8 demon trident "Rift" {distort, reach+}
 13836 | D:15     | Entered Level 15 of the Dungeon
 13862 | D:15     | Found Ybreo's Specialty Armours.
 14097 | D:15     | Found a staircase to the Depths.
 14111 | D:15     | Gained mutation: You passively map a small area around you.
                  | [hidden potential]
 14123 | D:15     | Reached skill level 16 in Fighting
 14350 | D:15     | Reached skill level 5 in Evocations
 15811 | Lair:1   | Entered Level 1 of the Lair of Beasts
 16378 | Lair:2   | Reached XP level 15. HP: 105/105 MP: 13/13
 16508 | Lair:2   | Noticed Snorg
 16526 | Lair:2   | Killed Snorg
 16683 | Lair:2   | Found a staircase to the Snake Pit.
 16857 | Lair:2   | Reached skill level 17 in Fighting
 17407 | Lair:3   | Gained mutation: Your spells are harder to cast, but more
                  | powerful. [hidden potential]
 17407 | Lair:3   | Lost mutation: You have hidden genetic potential. [hidden
                  | potential expressed]
 17820 | Lair:3   | Found a staircase to the Shoals.
 18406 | Lair:4   | Reached skill level 10 in Evocations
 19019 | Lair:4   | Reached skill level 1 in Throwing
 19229 | Lair:5   | Entered Level 5 of the Lair of Beasts
 19604 | Lair:5   | Found a staircase to the Slime Pits.
 19766 | Lair:5   | Identified the +3 leather armour of Yzubezas {rElec Dex+4
                  | Stlth-}
 19816 | Lair:5   | Reached skill level 18 in Fighting
 19935 | Lair:5   | Identified the ring of Xetwuk {+Blink Str+6 SInv}
 20067 | Lair:5   | Reached XP level 16. HP: 110/114 MP: 14/14
 20077 | Lair:5   | Reached skill level 5 in Throwing
 20645 | Lair:5   | Lost mutation: Your spells are harder to cast, but more
                  | powerful. [potion of mutation]
 20645 | Lair:5   | Lost mutation: Your magical capacity is low. (-10% MP)
                  | [potion of mutation]
 20645 | Lair:5   | Gained mutation: You passively dampen the noise of your
                  | surroundings. [potion of mutation]
 20645 | Lair:5   | Gained mutation: You are strong-willed. (Will+) [potion of
                  | mutation]
 20756 | Lair:5   | Found a corrupted altar of Lugonu.
 20760 | Lair:5   | Found a one-way gate to the infinite horrors of the Abyss.
 21194 | Orc:1    | Entered Level 1 of the Orcish Mines
 21912 | Orc:2    | Entered Level 2 of the Orcish Mines
 22338 | Orc:2    | Found a staircase to the Elven Halls.
 22613 | Orc:2    | Found Sats's Magic Scroll Shop.
 22617 | Orc:2    | Found Sucum's General Store.
 23259 | Orc:2    | Bought a scroll of teleportation for 36 gold pieces
 23259 | Orc:2    | Bought a scroll of teleportation for 36 gold pieces
 23261 | Orc:2    | Bought a scroll of revelation for 105 gold pieces
 23289 | Orc:2    | Found Vogewnep's Antique Weapon Emporium.
 23289 | Orc:2    | Found Onotod's Book Shoppe.
 23290 | Orc:2    | Found a one-way gate leading to the halls of Pandemonium.
 23686 | Orc:2    | Bought a phantom mirror for 1080 gold pieces
 23686 | Orc:2    | Bought a scroll of revelation for 202 gold pieces
 23890 | Snake:1  | Entered Level 1 of the Snake Pit
 23890 | Snake:1  | Noticed Asterion
 23893 | Snake:1  | Noticed an Executioner
 23898 | Snake:1  | Reached skill level 19 in Fighting
 23900 | Snake:1  | Killed Asterion
 25179 | Snake:1  | Reached XP level 17. HP: 106/122 MP: 17/17
 27072 | Snake:3  | Reached skill level 20 in Fighting
 27639 | Snake:3  | Reached skill level 15 in Armour
 28280 | Snake:4  | Entered Level 4 of the Snake Pit
 28521 | Snake:4  | Reached XP level 18. HP: 41/131 MP: 18/18
 29398 | Snake:4  | Got a serpentine rune of Zot
 29689 | Snake:4  | Noticed Agnes
 29695 | Snake:4  | Killed Agnes
 30120 | Snake:4  | Reached skill level 21 in Fighting
 30484 | Snake:4  | Found Ocuufafu's Gadget Gallery.
 30492 | Snake:4  | Bought a condenser vane for 560 gold pieces
 31016 | Vaults:1 | Entered Level 1 of the Vaults
 31351 | Vaults:1 | Bought a pair of masterwork boots for 275 gold pieces
 31351 | Vaults:1 | Identified the +0 pair of boots of the Villain {Str+4} (You
                  | bought it in a shop on level 1 of the Vaults)
 31362 | Vaults:1 | Bought a steaming crystal plate armour for 2465 gold pieces
 31362 | Vaults:1 | Identified the +10 crystal plate armour of Elitism {rPois
                  | Dex+3 Stlth-} (You bought it in a shop on level 1 of the
                  | Vaults)
 31813 | Vaults:1 | Identified the +9 broad axe of Zita {pain, Will+ Str-4
                  | Int+2}
 32069 | Vaults:1 | Reached XP level 19. HP: 81/138 MP: 19/19
 32656 | Vaults:1 | Identified the +1 mace of the Onslaught {flame, +Blink}
 32780 | Vaults:1 | Reached skill level 15 in Axes
 32783 | Vaults:1 | Identified the +2 storm dragon scales of Experimentation
                  | {rElec rCorr Str-3 Int+3}
 33008 | Vaults:2 | Identified the +1 orcbow of the Omega Point {freeze, rC++}
 33013 | Vaults:2 | Found Lafup's Magic Scroll Shoppe.
 33019 | Vaults:2 | Bought a scroll of blinking for 120 gold pieces
 33019 | Vaults:2 | Bought a scroll of teleportation for 48 gold pieces
 33019 | Vaults:2 | Bought a scroll of enchant weapon for 120 gold pieces
 33019 | Vaults:2 | Bought a scroll of teleportation for 48 gold pieces
 33019 | Vaults:2 | Bought a scroll of fear for 64 gold pieces
 33061 | Vaults:2 | Found a magical portal.
 33068 | WizLab   | Entered The Chambers of the Cloud Mage
 33119 | WizLab   | Paralysed by an air elemental for 1 turns
 33472 | WizLab   | Paralysed by an air elemental for 1 turns
 33542 | WizLab   | Paralysed by an air elemental for 1 turns
 33547 | WizLab   | Paralysed by an air elemental for 1 turns
 33563 | WizLab   | Noticed Xethre Farr
 33565 | WizLab   | Paralysed by an air elemental for 1 turns
 33572 | WizLab   | HP: 4/139 [Xethre Farr the Cloud Mage/+2 dagger of
                  | electrocution (14)]
 33576 | WizLab   | Killed Xethre Farr the Cloud Mage
 33577 | WizLab   | Reached skill level 22 in Fighting
 33872 | WizLab   | Acquired the +2 hat of the Bear Spirit {Spirit, Bear, *Rage
                  | Will++}
 33872 | WizLab   | Found the +2 hat of the Bear Spirit {Spirit, Bear, *Rage
                  | Will++}
 34012 | WizLab   | Got the Handbook of Haze
 34016 | WizLab   | Identified the +4 quick blade "Lurpheuc" {freeze, rElec
                  | rPois Int+3 Dex+3}
 34363 | Vaults:2 | Found a portal to a secret trove of treasure.
 34679 | Vaults:2 | Found a staircase to the Crypt.
 35208 | Vaults:3 | Identified the orb "Poegos" {light, rF+ rC++}
 35208 | Vaults:3 | Noticed Frederick
 35229 | Vaults:3 | Killed Frederick
 35571 | Vaults:3 | Noticed Margery
 35578 | Vaults:3 | Killed Margery
 35583 | Vaults:3 | Killed the ghostly Margery
 35597 | Vaults:3 | Reached XP level 20. HP: 19/147 MP: 3/20
 37641 | Vaults:4 | Reached skill level 23 in Fighting
 38787 | Vaults:4 | Found the +7 mace of Variability {chaos, chaos arc}
 38790 | Vaults:4 | Got Sif Muna's Incunabulum of Earth
 38795 | Vaults:4 | Identified the +0 chain mail of Shadows and Fog {Harm *Slow
                  | rPois rN++}
 38797 | Vaults:4 | Got Exe Sot's Cyclopedia of Glacial Cadavers
 38896 | Vaults:4 | Found the +5 scythe "Finisher" {speed, execute}
 38968 | Vaults:4 | Identified the +9 plate armour of Shadows and Fog {Slay+3}
 38987 | Vaults:4 | Identified the +4 shortbow of the Puckish God {freeze,
                  | Int+4 Dex+3 SInv}
 39293 | Vaults:4 | Reached XP level 21. HP: 142/154 MP: 19/21
 39737 | Vaults:5 | Entered Level 5 of the Vaults
 39750 | Vaults:5 | Reached skill level 15 in Shields
 39930 | Vaults:5 | Identified the +0 pearl dragon scales "Ceusk" {^Contam rN+
                  | Will+ Slay+2}
 40179 | Vaults:5 | Reached skill level 24 in Fighting
 40229 | Vaults:5 | Noticed a dread lich
 40507 | Vaults:5 | Killed a dread lich
 40803 | Vaults:5 | Got a silver rune of Zot
 41140 | Vaults:5 | Noticed Xtahua
 41235 | Vaults:5 | Identified the +4 morningstar "Tiqarchu" {flame, ^Contam
                  | *Corrode rPois rC+++}
 41768 | Vaults:5 | Reached XP level 22. HP: 163/163 MP: 16/22
 41847 | Vaults:5 | Noticed an ancient lich
 41856 | Vaults:5 | Killed an ancient lich
 41860 | Vaults:5 | Noticed a dread lich
 41870 | Vaults:5 | Killed a dread lich
 42161 | Vaults:5 | Noticed a dread lich
 42168 | Vaults:5 | Killed a dread lich
 42279 | Vaults:5 | Found Liveuxemm's Weapon Boutique.
 42528 | Vaults:5 | Noticed a dread lich
 42537 | Vaults:5 | Killed a dread lich
 42548 | Vaults:5 | Identified the +9 flail of Might {elec, Fly Int+2}
 42712 | Vaults:5 | Reached skill level 25 in Fighting
 43508 | Shoals:1 | Entered Level 1 of the Shoals
 43805 | Shoals:1 | Reached skill level 1 in Spellcasting
 44188 | Shoals:1 | Bought a scroll of blinking for 135 gold pieces
 44188 | Shoals:1 | Bought a potion of curing for 54 gold pieces
 44351 | Shoals:2 | Noticed Polyphemus
 44365 | Shoals:2 | Killed Polyphemus
 44623 | Shoals:2 | Found a runed translucent door.
 44624 | Shoals:2 | Noticed Zays's ghost (adept GrEE)
 44736 | Shoals:2 | Identified the +1 scale mail of Qazlal's Anger {MP+9}
 44956 | Shoals:2 | Killed Zays's ghost
 44965 | Shoals:2 | Identified the +5 ring mail "Jivoq" {rN+}
 44966 | Shoals:2 | Identified the +1 flail "Raediufa" {protect, rPois rC-
                  | Dex+4}
 45089 | Shoals:3 | Found a runed translucent gate.
 45089 | Shoals:3 | Found a runed translucent gate.
 45089 | Shoals:3 | Found a runed translucent gate.
 45097 | Shoals:3 | Reached skill level 5 in Spellcasting
 45098 | Shoals:3 | Found an opulent altar of Gozag.
 45100 | Shoals:3 | Found Dutuelos's Assorted Antiques.
 45100 | Shoals:3 | Noticed Usob's ghost (journeyman OnGl)
 45118 | Shoals:3 | Killed Usob's ghost
 45275 | Shoals:3 | Bought a scroll of enchant armour for 285 gold pieces
 45275 | Shoals:3 | Bought a potion of resistance for 380 gold pieces
 46038 | Shoals:4 | Entered Level 4 of the Shoals
 46189 | Shoals:4 | Noticed Nikola
 46202 | Shoals:4 | Reached XP level 23. HP: 128/170 MP: 24/32
 46207 | Shoals:4 | Killed Nikola
 46596 | Shoals:4 | Got a barnacled rune of Zot
 47533 | Slime:1  | Entered Level 1 of the Pits of Slime
 47683 | Slime:1  | Gained mutation: You are clumsy. (Dex -2) [a shining eye]
 48745 | Slime:2  | Noticed Dissolution
 48761 | Slime:2  | Killed Dissolution
 48762 | Slime:2  | Reached skill level 26 in Fighting
 49200 | Slime:4  | Reached skill level 10 in Spellcasting
 49846 | Slime:5  | Entered Level 5 of the Pits of Slime
 50112 | Slime:5  | Found a viscous altar of Jiyva.
 50117 | Slime:5  | Noticed the Royal Jelly
 50141 | Slime:5  | Killed the Royal Jelly
 50162 | Slime:5  | Identified the +7 trident of Earthquakes {protect, Int+3}
 50698 | Slime:5  | Identified the +0 robe of Responsibility {rElec Will-
                  | Regen+ Dex+3}
 50703 | Slime:5  | Got a slimy rune of Zot
 50706 | Slime:5  | Identified the +3 sling "Qogaoziu" {flame, rC- rN+ Will-
                  | Str+9}
 50707 | Slime:5  | Identified the +8 arbalest "Otahekud" {flame, Fly rPois
                  | Dex+4}
 50708 | Slime:5  | Identified the +5 shortbow "Simaon" {elec, rC+ Int+3}
 50718 | Slime:5  | Identified the +4 mace "Fihid" {vamp, rElec rPois Str+5}
 50735 | Slime:5  | Got Amec's Secrets of Plutonic Austromancy
 50742 | Slime:5  | Identified the +5 dagger "Qecatsir" {freeze, Dex-4 SInv
                  | Stlth+}
 50765 | Slime:5  | Identified the +1 orcbow "Zih Kal" {speed, rElec rN+ Str-4}
 50766 | Slime:5  | Identified the quicksilver dragon scales "Ocroorac" {rElec
                  | rN+ Will+}
 50799 | Slime:5  | Got the Tome of Clouds and Generation
 51201 | Elf:1    | Entered Level 1 of the Elven Halls
 51272 | Elf:1    | Paralysed by an air elemental for 1 turns
 51327 | Elf:1    | Found a glacial archway.
 51336 | IceCv    | Entered an ice cave
 51377 | IceCv    | Reached XP level 24. HP: 120/180 MP: 27/38
 52491 | Elf:1    | Reached skill level 1 in Earth Magic
 52501 | Elf:1    | Reached skill level 1 in Alchemy
 53206 | Elf:1    | Found Xalatuh's Weapon Shop.
 53484 | Elf:2    | Found a runed translucent gate.
 53484 | Elf:2    | Found a runed translucent gate.
 53485 | Elf:2    | Found a runed translucent gate.
 53668 | Elf:2    | Identified the +4 hand axe of Might {flame, MP+9}
 53853 | Elf:2    | Found a shimmering blue altar of Sif Muna.
 54827 | Elf:3    | Entered Level 3 of the Elven Halls
 54960 | Elf:2    | Reached skill level 5 in Earth Magic
 55007 | Elf:2    | Reached skill level 27 in Fighting
 55183 | Elf:3    | Learned a level 4 spell: Leda's Liquefaction
 55504 | Elf:3    | Found a radiant altar of Vehumet.
 55875 | Elf:3    | Reached skill level 5 in Alchemy
 55963 | Elf:3    | Identified the +3 leather armour of the Minstrel {Rampage
                  | rC++ Int+3 Slay-4}
 56047 | Elf:3    | Identified the +1 halberd "Pokoaj" {spect, Int+3}
 56047 | Elf:3    | Identified the +10 plate armour of Privacy {rPois rCorr}
 56505 | Elf:3    | Identified the +0 helmet "Letsus" {rCorr}
 56619 | Elf:3    | Identified the +8 chain mail "Appatiol" {Harm +Blink}
 56624 | Elf:3    | Identified the +1 spear of Doors {elec, Str+3}
 57130 | Crypt:1  | Entered Level 1 of the Crypt
 57175 | Crypt:1  | Reached XP level 25. HP: 186/187 MP: 39/39
 57299 | Crypt:1  | Found a transporter.
 57300 | Crypt:1  | Found a shimmering blue altar of Sif Muna.
 57304 | Crypt:1  | Noticed a dread lich
 57384 | Crypt:1  | Bought the ring of the Pharaoh's Fist {^Drain rN+ Str+4
                  | Dex+6} for 750 gold pieces
 57384 | Crypt:1  | Bought the ring "Weyleotao" {rPois Int+6 Slay+6} for 1086
                  | gold pieces
 57531 | Crypt:1  | Reached skill level 10 in Earth Magic
 58627 | Crypt:2  | Found a huge runed translucent gate.
 58628 | Crypt:2  | Found a huge runed translucent gate.
 58628 | Crypt:2  | Found a huge runed translucent gate.
 58628 | Crypt:2  | Found a huge runed translucent gate.
 58629 | Crypt:2  | Found a huge runed translucent gate.
 58629 | Crypt:2  | Found a huge runed translucent gate.
 58629 | Crypt:2  | Found a huge runed translucent gate.
 58632 | Crypt:2  | Found a huge runed translucent gate.
 58632 | Crypt:2  | Found a huge runed translucent gate.
 58771 | Crypt:2  | Identified the +6 falchion of the Wasteland {protect,
                  | ^Fragile rCorr Str+6}
 59255 | Crypt:3  | Entered Level 3 of the Crypt
 59495 | Crypt:3  | Learned a level 4 spell: Petrify
 59501 | Crypt:3  | Learned a level 5 spell: Lee's Rapid Deconstruction
 59683 | Crypt:3  | Identified the staff "Killer Bee's Foe" {rC+ Ice Earth}
 60308 | Crypt:3  | Found a basalt altar of Yredelemnul.
 60820 | Crypt:3  | Found the +8 longbow "Zephyr" {speed, Dex+3 SInv}
 60820 | Crypt:3  | Found the +1 robe of Vines {NoPotionHeal Regen++++}
 60872 | Crypt:3  | Got the Anthology of Sciomancy
 60874 | Crypt:3  | Got the Quarto of the Unlucky Snowflakes
 60887 | Crypt:3  | Identified the orb of the Maze {*Rage, ^Contam Int+3 Fire}
 61390 | Crypt:3  | Found a staircase to the Tomb.
 61831 | Tomb:1   | Entered Level 1 of the Tomb of the Ancients
 61970 | Tomb:1   | Reached skill level 10 in Alchemy
 62015 | Tomb:1   | Noticed a royal mummy
 62053 | Tomb:1   | Killed a royal mummy
 62793 | Tomb:1   | Noticed a royal mummy
 62794 | Tomb:1   | Noticed a royal mummy
 62821 | Tomb:2   | Noticed a royal mummy
 62826 | Tomb:2   | Killed a royal mummy
 62861 | Tomb:2   | Noticed a royal mummy
 62886 | Tomb:2   | Noticed a royal mummy
 62904 | Tomb:2   | Noticed a royal mummy
 62904 | Tomb:2   | Noticed a royal mummy
 62914 | Tomb:2   | Killed a royal mummy
 62921 | Tomb:2   | Killed a royal mummy
 62922 | Tomb:2   | Reached XP level 26. HP: 193/193 MP: 25/39
 62955 | Tomb:2   | Killed a royal mummy
 62968 | Tomb:2   | Killed a royal mummy
 63032 | Tomb:2   | Reached skill level 15 in Earth Magic
 63135 | Tomb:2   | Gained mutation: You are vulnerable to heat. (rF-)
                  | [mutagenic glow]
 63147 | Tomb:2   | Gained mutation: Potions are less effective at restoring
                  | your health. [mutagenic glow]
 64177 | Tomb:1   | Killed a royal mummy
 64211 | Tomb:1   | Identified the +7 war axe of Xima {pain, rCorr Str+3 SInv}
 64580 | Tomb:1   | Noticed a royal mummy
 64588 | Tomb:1   | Killed a royal mummy
 64593 | Tomb:1   | Noticed a royal mummy
 64604 | Tomb:1   | Killed a royal mummy
 64607 | Tomb:1   | Noticed a royal mummy
 64618 | Tomb:1   | Killed a royal mummy
 64653 | Tomb:1   | Noticed a royal mummy
 64669 | Tomb:1   | Killed a royal mummy
 64984 | Tomb:1   | Noticed a royal mummy
 64990 | Tomb:1   | Killed a royal mummy
 65011 | Tomb:1   | Noticed a royal mummy
 65019 | Tomb:1   | Killed a royal mummy
 65178 | Tomb:1   | Noticed a royal mummy
 65185 | Tomb:1   | Killed a royal mummy
 65206 | Tomb:1   | Noticed a royal mummy
 65216 | Tomb:1   | Killed a royal mummy
 65321 | Tomb:1   | Noticed a royal mummy
 65326 | Tomb:1   | Noticed a royal mummy
 65330 | Tomb:1   | Killed a royal mummy
 65331 | Tomb:1   | Noticed a royal mummy
 65345 | Tomb:1   | Killed a royal mummy
 65345 | Tomb:1   | Killed a royal mummy
 65621 | Tomb:1   | Noticed a royal mummy
 65622 | Tomb:1   | Noticed a royal mummy
 65622 | Tomb:1   | Noticed a royal mummy
 65628 | Tomb:1   | Killed a royal mummy
 65635 | Tomb:1   | Killed a royal mummy
 65638 | Tomb:1   | Noticed a royal mummy
 65643 | Tomb:1   | Killed a royal mummy
 65648 | Tomb:1   | Killed a royal mummy
 66041 | Tomb:1   | Noticed a royal mummy
 66047 | Tomb:1   | Killed a royal mummy
 66150 | Tomb:2   | Gained mutation: You are vulnerable to cold. (rC-)
                  | [mutagenic glow]
 66166 | Tomb:2   | Gained mutation: You sometimes lose your temper in combat.
                  | [mutagenic glow]
 66175 | Tomb:2   | Gained mutation: You are weak. (Str -2) [mutagenic glow]
 66187 | Tomb:2   | Gained mutation: You are frail. (-10% HP) [mutagenic glow]
 66199 | Tomb:2   | Gained mutation: You occasionally lose the ability to read
                  | scrolls when taking damage. [mutagenic glow]
 66204 | Tomb:2   | Gained mutation: You occasionally lose the ability to drink
                  | potions when taking damage. [mutagenic glow]
 66213 | Tomb:2   | Lost mutation: Your spells are a little harder to cast, but
                  | a little more powerful. [mutagenic glow]
 66830 | Vaults:4 | Lost mutation: You are strong-willed. (Will+) [potion of
                  | mutation]
 66830 | Vaults:4 | Lost mutation: You occasionally lose the ability to read
                  | scrolls when taking damage. [potion of mutation]
 66830 | Vaults:4 | Gained mutation: You are somewhat resistant to further
                  | mutation. [potion of mutation]
 66831 | Vaults:4 | Lost mutation: You passively map a small area around you.
                  | [potion of mutation]
 66831 | Vaults:4 | Lost mutation: Potions are less effective at restoring your
                  | health. [potion of mutation]
 66831 | Vaults:4 | Lost mutation: You sometimes lose your temper in combat.
                  | [potion of mutation]
 66834 | Vaults:4 | Lost mutation: You are somewhat resistant to further
                  | mutation. [potion of mutation]
 66834 | Vaults:4 | Lost mutation: You are vulnerable to cold. (rC-) [potion of
                  | mutation]
 66834 | Vaults:4 | Lost mutation: You are weak. (Str -2) [potion of mutation]
 66834 | Vaults:4 | Gained mutation: You are partially covered in iridescent
                  | scales. (AC +2) [potion of mutation]
 66835 | Vaults:4 | Lost mutation: You are frail. (-10% HP) [potion of
                  | mutation]
 66835 | Vaults:4 | Lost mutation: You passively dampen the noise of your
                  | surroundings. [potion of mutation]
 66835 | Vaults:4 | Lost mutation: You are vulnerable to heat. (rF-) [potion of
                  | mutation]
 66835 | Vaults:4 | Gained mutation: You have a pair of small horns on your
                  | head. [potion of mutation]
 66835 | Vaults:4 | Gained mutation: You have sharp fingernails. [potion of
                  | mutation]
 66835 | Vaults:4 | Gained mutation: You have hidden genetic potential. [potion
                  | of mutation]
 67478 | Tomb:3   | Entered Level 3 of the Tomb of the Ancients
 67491 | Tomb:3   | Noticed a royal mummy
 67492 | Tomb:3   | Noticed a royal mummy
 67496 | Tomb:3   | Noticed a royal mummy
 67948 | Tomb:3   | Noticed a royal mummy
 67958 | Tomb:3   | Killed a royal mummy
 67962 | Tomb:3   | Killed a royal mummy
 67963 | Tomb:3   | Noticed a royal mummy
 67966 | Tomb:3   | Killed a royal mummy
 67970 | Tomb:3   | Killed a royal mummy
 67974 | Tomb:3   | Noticed a royal mummy
 68391 | Tomb:3   | Reached XP level 27. HP: 199/199 MP: 28/39
 68392 | Tomb:3   | Noticed a royal mummy
 68392 | Tomb:3   | Noticed a royal mummy
 68398 | Tomb:3   | Noticed a royal mummy
 69003 | Tomb:3   | Killed a royal mummy
 69010 | Tomb:3   | Killed a royal mummy
 69015 | Tomb:3   | Killed a royal mummy
 69016 | Tomb:3   | Killed a royal mummy
 69020 | Tomb:3   | Killed a royal mummy
 69794 | Tomb:3   | Identified the ring "Poejidd" {rPois rF+ Dex+8 Slay-3
                  | Stlth+}
 69805 | Tomb:3   | Identified the amulet "Cus Seci" {Spirit *Slow Fly rN+++
                  | Dex+4}
 69838 | Tomb:3   | Identified the +12 glaive "Jeneklo" {freeze, Stlth+}
 69881 | Tomb:3   | Identified the +1 robe "Caweg" {^Drain rPois rN+++ SInv}
 69974 | Tomb:3   | Got a golden rune of Zot
 70421 | Depths:1 | Entered Level 1 of the Depths
 70564 | Depths:1 | Bought a potion of heal wounds for 235 gold pieces
 70564 | Depths:1 | Bought a fine scarf for 470 gold pieces
 70564 | Depths:1 | Identified the scarf of the Barracuda {harm, -Cast Fly
                  | Regen+ Dex+3} (You bought it in a shop on level 1 of the
                  | Depths)
 70669 | Depths:1 | Learned a level 1 spell: Apportation
 71781 | Depths:1 | Found a gateway to Hell.
 72087 | Hell     | Entered the Vestibule of Hell
 72098 | Hell     | Noticed Geryon
 72133 | Hell     | Killed Geryon
 72145 | Depths:1 | Gained mutation: You have supernaturally acute eyesight.
                  | (SInv) [hidden potential]
 72628 | Hell     | Found a gateway to the Iron City of Dis.
 72807 | Hell     | Found a gateway to the freezing wastes of Cocytus.
 73044 | Hell     | Noticed Murray
 73051 | Hell     | Killed Murray
 73116 | Hell     | Found a gateway to the decaying netherworld of Tartarus.
 73207 | Hell     | Found a gateway to the ashen valley of Gehenna.
 73249 | Hell     | Reached skill level 15 in Evocations
 73985 | Vaults:2 | You paid a toll of a +5 demon blade to enter a treasure
                  | trove
 73986 | Trove    | Entered a treasure trove
 73990 | Trove    | Identified the +0 pair of gloves of Fortification {Str+3
                  | SInv}
 73997 | Trove    | Identified the +0 hat of the Villain {Regen+ Int+5}
 73999 | Trove    | Identified the +0 scale mail "Paiss" {rF- rC+ rN+ Regen+}
 74003 | Trove    | Identified the -1 cloak "Amasse" {rF- Int+3 Dex+5}
 74005 | Trove    | Identified the +2 hat of Cotyom {rN+ SInv}
 74007 | Trove    | Found the +5 Storm Queen's Shield {shock, Fly rElec}
 74022 | Trove    | Identified the +1 cloak of the Witching Gods {Str+5}
 74249 | Geh:1    | Entered Level 1 of Gehenna
 79586 | Geh:7    | Entered Level 7 of Gehenna
 80750 | Geh:7    | Gained mutation: You expend magic power (3 MP) to
                  | strengthen your wands. [hidden potential]
 80750 | Geh:7    | Lost mutation: You have hidden genetic potential. [hidden
                  | potential expressed]
 81528 | Geh:7    | Identified the +6 falchion "Ivin" {flame, Will- Int+4
                  | Dex+4}
 81596 | Geh:7    | Identified the ring of Kujos {Fly rPois rC+ Str+2 Int-5}
 82510 | Geh:7    | Identified the +3 falchion "Ipirota" {drain, Str+2}
 82517 | Geh:7    | Identified the ring "Uggett" {Fire Str+3 Int+3 Dex+5}
 82580 | Geh:7    | Found the +13 sceptre of Asmodeus
 82580 | Geh:7    | Identified the ring of Rull {MP+9 Dex+3}
 82580 | Geh:7    | Noticed Asmodeus
 82619 | Geh:7    | HP: 5/149 [Asmodeus/the +13 sceptre of Asmodeus (13)]
 82621 | Geh:7    | Killed from afar by a Brimstone Fiend

Illustrated notes

Levels and vault maps discovered:
D:1:      minmay_arrival_nine_rooms, layout_loops_ring
D:2:      layout_loops_ring, serial_shops, shop, chequers_serial_rivers_room_a,
          st_stairs_1, corexii_shack
D:3:      cheibrodos_fertilizer, layout_basic, fedhas_ov_isle_minmay,
          ashenzari_altar_1, chequers_decorated_corner, uniq_terence
D:4:      layout_basic, nicolae_overflow_two_pavilions,
          minmay_temple_entry_junction_2, nicolae_ossuary_entry_catacombs,
          ebering_ghost_sewer_d, minmay_cut_off
D:5:      layout_cave_pools, elyvilon_altar_4, serial_shops,
          nicolae_shop_bloodbath_and_beyond, minmay_crystal_room,
          roderic_serpentine_path, uniq_ijyb, uniq_blork_the_orc,
          uniq_crazy_yiuf_cottage
D:6:      layout_basic
D:7:      layout_basic, mainiacjoe_overflow_boulevard
D:8:      layout_rooms, david_lair_generic, grunt_ministairs_4,
          nicolae_beast_mode
D:9:      layout_long_grid, mainiacjoe_overflow_paths
D:10:     erik_cavepeople, layout_basic, pdpol_wu_jian_five_deadly_venoms,
          nicolae_where_there's_smoke
D:11:     layout_loops_cross, orc_0_dummy, kennysheep_small_square
D:12:     layout_cave_pools
D:13:     layout_cave_pools, lightli_vaults_fourway_checkpoint
D:14:     layout_gridville, gauntlet_entry_generic, small_statue_intersection,
          serial_shops, shop, ebering_ghost_funeral_grove, minmay_misc_feat_iff
D:15:     gammafunk_depths_entry_grave, layout_basic, amcnicky_mini_pool_small,
          solitary_fountain, drop_trap, nicolae_barding_shop
Lair:1:   layout_misc_corridors, serial_bayou_lagoon_a
Lair:2:   beargit_carnivore_pack, layout_loops_ring,
          minmay_snake_entry_six_corridors, ldierk_geyser, lemuel_fruit_tree
Lair:3:   layout_small_grid, elwin_shoals_entry_stream
Lair:4:   layout_cave_pods, serial_bayou_shore_a, lemuel_fruit_fields
Lair:5:   hellmonk_lair_end_abyssal_woods, layout_regular_city,
          minmay_slime_entry_jelly_boxes, minmay_lindwurm_lava
Shoals:1: layout_shoals
Shoals:2: layout_shoals, ebering_ghost_reflecting_pool, uniq_polyphemus
Shoals:3: layout_shoals, ebering_ghost_gozag
Shoals:4: shoals_end_hangedman, layout_shoals, nicolae_shoals_goliath_grotto,
          uniq_nikola
Snake:1:  layout_misc_corridors, eino_curves_02, grunt_megastairs_2,
          uniq_asterion
Snake:2:  layout_rooms, nicolae_coiled_stairwell_up
Snake:3:  layout_chambers
Snake:4:  snake_pit_salamanders_mu, layout_chambers, nicolae_shop_gadgets,
          uniq_agnes
Slime:1:  layout_caves
Slime:2:  layout_caves, uniq_dissolution
Slime:3:  layout_caves
Slime:4:  layout_caves
Slime:5:  slime_pit_nicolae_block_by_block
Orc:1:    dreamdust_under_siege, layout_caves
Orc:2:    pf_orc_diabolical, layout_caves, nooodl_orcs_dogs
Elf:1:    minmay_elf_arrival_plus, layout_onion_city, serial_shops,
          nicolae_shop_rolling_square, portal_ice_cave_entry_pillars_2,
          serial_library_hellmonk_reading_circle, serial_sigils_hangedman_shear,
          grunt_ministairs_7
Elf:2:    nicolae_elf_blades_splatter_lattice [mumra_blade_entry_dagger],
          layout_gridlike, basic_altar
Elf:3:    minmay_elf_hall_furrowed, layout_geoelf_castle,
          david_defended_altar_elf
Vaults:1: v_rooms_4, v_alt_pattern_5, nicolae_vaults_storage_room_water,
          grunt_vaults_hallway_long, nicolae_vaults_mush_room, v_pattern_4,
          v_misc_3, nicolae_vaults_trapezoid_lopsided_3, nicolae_vaults_house_1,
          vaults_dpeg_doors, nicolae_vaults_little_squares_3,
          vaults_room_corners, nicolae_vaults_house_2, layout_vaults_omnicross
Vaults:2: mu_enter_wizlab_1, minmay_crypt_entry_simple_corners, v_misc_23,
          grunt_vaults_twisty, hangedman_vaults_slice,
          nicolae_vaults_more_shelving_1, v_misc_13, serial_ice_g,
          layout_vaults_ring, nicolae_trove_entry_path_of_doom, serial_shops,
          shop
Vaults:3: nicolae_vaults_house_1, grunt_vaults_swirl, v_misc_8,
          hangedman_vaults_slice, ontoclasm_vaults_ring_square,
          nicolae_vaults_storage_room_doors, nicolae_vaults_tetromino_T_1,
          nicolae_vaults_tetromino_Z_1, layout_vaults_quadrants, uniq_frederick,
          uniq_margery
Vaults:4: nicolae_vaults_tetromino_T_2, vaults_room_pools,
          hangedman_vaults_snaps, nicolae_vaults_turnstiles, st_greater_box_4,
          nicolae_vaults_diamond_2, nicolae_vaults_network_barrier,
          vaults_mumra_hexcomb, ontoclasm_vaults_chip,
          layout_vaults_chaotic_city
Vaults:5: serial_shops, uniq_xtahua
Crypt:1:  gammafunk_sealed_library, layout_chaotic_city
Crypt:2:  cheibrodos_crypt_3hun_7po, layout_chaotic_city, grunt_megastairs_1
Crypt:3:  evilmike_haunted_forest
Tomb:1
Tomb:2
Tomb:3
Depths:1: layout_basic, hell_entry, wad_floor_pattern_1, abyss_entry_crystal,
          grunt_pan_entry_in_and_out, kilobyte_mutagenic_chamber
Hell
Geh:1:    layout_gehenna_pools_box
Geh:2:    layout_gehenna_lava_caves
Geh:3:    layout_gehenna_pools_box
Geh:4:    layout_gehenna_pools_basic, nicolae_hells_hurtin_island
Geh:5:    layout_gehenna_pools_triple
Geh:6:    nicolae_hells_demon_pit, layout_gehenna_pools_triple
Geh:7:    geh_mu

Skill      XL: |  1  2  3  4  5  6  7  8  9 10 11 12 13 14 15 16 17 18 19 20 21 22 23 24 25 26 27 |
---------------+----------------------------------------------------------------------------------+-----
Maces & Flails | 3 4 5 |  5.1
Fighting       | 4 5 6 8 9 11 12 14 15 16 18 19 20 21 22 23 24 25 26 27 | 27.0
Armour         | 4 9 10 12 15 17 19 | 19.4
Axes           | 3 6 7 10 12 13 14 15 17 21 | 21.4
Shields        | 7 13 14 17 19 22 | 22.7
Evocations     | 7 10 11 14 15 | 15.5
Throwing       | 4 8 |  8.9
Spellcasting   | 6 11 12 | 12.4
Earth Magic    | 9 14 17 | 17.2
Alchemy        | 6 10 12 | 12.4

Action                     |  1- 3 |  4- 6 |  7- 9 | 10-12 | 13-15 | 16-18 | 19-21 | 22-24 | 25-27 || total
---------------------------+-------+-------+-------+-------+-------+-------+-------+-------+-------++-------
  Melee: Flail             |    93 |   184 |       |       |       |       |       |       |       ||   277
         War axe           |       |     2 |   207 |   324 |   649 |   885 |   798 |  1118 |  1663 ||  5646
         Headbutt          |       |       |       |       |       |       |       |       |   391 ||   391
         Broad axe         |       |       |       |       |       |       |       |       |    88 ||    88
  Throw: Throwing net      |       |       |       |     1 |       |       |       |       |     1 ||     2
   Cast: Leda's Liquefacti |       |       |       |       |       |       |       |       |    17 ||    17
         Petrify           |       |       |       |       |       |       |       |       |     2 ||     2
 Invoke: Call Merchant     |       |       |       |     1 |       |     2 |       |     3 |     3 ||     9
         Potion Petition   |       |       |       |       |       |     1 |       |       |       ||     1
         Bribe Branch      |       |       |       |       |       |       |       |       |     2 ||     2
  Evoke: Box of beasts     |       |       |       |     1 |       |       |     1 |     1 |     1 ||     4
         Wand              |       |       |       |       |     3 |     2 |     6 |       |       ||    11
         Lightning rod     |       |       |       |       |     4 |       |       |     4 |     6 ||    14
         Phantom mirror    |       |       |       |       |       |     1 |     1 |     1 |     2 ||     5
         Condenser vane    |       |       |       |       |       |       |     1 |     1 |     3 ||     5
         Phial of floods   |       |       |       |       |       |       |       |       |     1 ||     1
    Use: Scroll            |     5 |     7 |     9 |    16 |    11 |     1 |     4 |     9 |    14 ||    76
         Potion            |       |     1 |     1 |     1 |     5 |     3 |     8 |     8 |    23 ||    50
   Stab: Distracted        |       |       |     1 |     4 |     4 |    27 |    34 |    36 |    66 ||   172
         Invisible         |       |       |       |       |       |       |       |       |     4 ||     4
 Armour: Scale mail        |    53 |   124 |   109 |       |       |       |       |       |       ||   286
         Crystal plate arm |       |       |    93 |   369 |   613 |   508 |   398 |   450 |   914 ||  3345
  Dodge: Dodged            |    56 |    80 |    55 |    44 |    79 |    97 |    63 |    65 |   146 ||   685
  Block: Buckler           |    22 |    31 |       |       |       |       |       |       |       ||    53
         Kite shield       |       |     8 |    94 |   289 |   640 |   626 |   436 |   651 |  1301 ||  4045
         Reflection        |       |       |       |       |    21 |    85 |    56 |    67 |    12 ||   241

Table legend: (Time is in decaauts)
 A = Elapsed time spent in this place.
 B = Non-inter-level travel time spent in this place.
 C = Inter-level travel time spent in this place.
 D = Time resting spent in this place.
 E = Time spent auto-exploring this place.
 F = Levels seen in this place.
 G = Mean time per level.
                   A        B        C        D        E       F      G
               +--------+--------+--------+--------+--------+-----+--------+
         Total |  83677 |  76261 |   7416 |  20319 |  41981 |  63 | 1328.2 |
       Dungeon |  16403 |  14323 |   2080 |   1546 |   9678 |  15 | 1093.5 |
          Lair |   6085 |   5606 |    479 |    994 |   3736 |   5 | 1217.0 |
        Shoals |   4036 |   3831 |    205 |    349 |   2696 |   4 | 1009.0 |
     Snake Pit |   6493 |   6287 |    206 |   1165 |   4290 |   4 | 1623.2 |
    Slime Pits |   3405 |   3296 |    109 |   1021 |   1893 |   5 |  681.0 |
  Orcish Mines |   2789 |   2453 |    336 |    443 |   1666 |   2 | 1394.5 |
   Elven Halls |   4560 |   4133 |    427 |    634 |   2691 |   3 | 1520.0 |
        Vaults |  12526 |  11042 |   1484 |   3050 |   6098 |   5 | 2505.2 |
         Crypt |   5162 |   4627 |    535 |    907 |   2840 |   3 | 1720.7 |
          Tomb |   7906 |   7279 |    627 |   4141 |   1812 |   3 | 2635.3 |
        Depths |   2180 |   2052 |    128 |    944 |    830 |   1 | 2180.0 |
          Hell |   2213 |   2152 |     61 |   1367 |    480 |   1 | 2213.0 |
       Gehenna |   7137 |   6402 |    735 |   3064 |   2117 |   7 | 1019.6 |
         Trove |     42 |     42 |      0 |      0 |      0 |   1 |   42.0 |
       Ossuary |    593 |    593 |      0 |      0 |    395 |   1 |  593.0 |
      Ice Cave |    730 |    730 |      0 |    283 |    287 |   1 |  730.0 |
        Wizlab |    992 |    992 |      0 |    340 |    285 |   1 |  992.0 |
      Gauntlet |    420 |    420 |      0 |     66 |    185 |   1 |  420.0 |
               +--------+--------+--------+--------+--------+-----+--------+

Top non-repeatable levels by time:
  Tomb:1: 3603 daAuts
  Tomb:2: 3465 daAuts
Vaults:5: 3065 daAuts
Vaults:4: 3038 daAuts
   Geh:7: 2857 daAuts
 Crypt:3: 2800 daAuts
 Snake:4: 2463 daAuts
Vaults:3: 2387 daAuts
Vaults:1: 2269 daAuts
    Hell: 2213 daAuts
Depths:1: 2180 daAuts
    D:15: 1956 daAuts
  Lair:5: 1896 daAuts
   Orc:2: 1848 daAuts
Vaults:2: 1765 daAuts
